 Dungeon Crawl Stone Soup version bcrawl-1.28.4 (webtiles) character file.

Game seed: 15080680211713020749

123438 Anonimiaus the Sneak (level 4, 0/35 HPs)
             Began as a Human Archaeologist on Jan 9, 2021.
             Slain by an orc (3 damage)
             ... on level 3 of the Dungeon.
             The game lasted 00:08:19 (2123 turns).

Anonimiaus the Sneak (Human Archaeologist)          Turns: 2123, Time: 00:08:19

Health: 0/35       AC:  9    Str: 12    XL:     4   Next: 90%
Magic:  0/5        EV:  8    Int: 14    God:
Gold:   180        SH:  4    Dex: 12    Spells: 3/3 levels left

rFire    . . .     SeeInvis .   a - +0 whip
rCold    . . .     Gourm    .   u - +0 buckler
rNeg     . . .     Faith    .   m - +0 scale mail
rPois    .         Spirit   +   d - +1 hat
rElec    .         Reflect  .   t - scarf {Spirit}
rCorr    .         Harm     .   (no gloves)
MR       .....                  i - +1 pair of boots
Stlth    +.........             (no amulet)
HPRegen  0.11/turn              (no ring)
MPRegen  0.09/turn              (no ring)

@: no status effects
A: no striking features
a: no special abilities


You were on level 3 of the Dungeon.
You were hungry.

You visited 1 branch of the dungeon, and saw 3 of its levels.

You collected 180 gold pieces.

Inventory:

Hand Weapons
 a - a +0 whip (weapon)
 b - a +0 blowgun
Missiles
 f - 6 curare-tipped needles
 v - 72 poisoned tomahawks (quivered)
Armour
 d - a +1 hat (worn)
 i - a +1 pair of boots (worn)
 m - a +0 scale mail (worn)
 t - a scarf of spirit shield (worn)
 u - a +0 buckler (worn)
Scrolls
 g - a scroll of magic mapping
 j - a scroll of immolation {unknown}
 k - a scroll of blinking {unknown}
 l - a scroll of identify
 o - 2 scrolls of teleportation {unknown}
 p - 2 scrolls of fear {unknown}
 r - 2 scrolls of remove curse {unknown}
Potions
 c - a potion of heal wounds {unknown}
 n - 2 potions of curing {unknown}
 q - a potion of brilliance {unknown}
 s - 2 potions of lignification
Miscellaneous
 h - a dusty tome
Comestibles
 e - 4 rations {!d}
 w - 2 chunks of flesh


   Skills:
 + Level 3.1 Fighting
 - Level 1.1 Maces & Flails
 - Level 3.2 Dodging
 - Level 4.0 Stealth
 + Level 1.4 Shields
 - Level 2.0 Evocations


You had 3 spell levels left.
You didn't know any spells.
Your spell library was empty.

Dungeon Overview and Level Annotations

Branches:
Dungeon (3/12)

Altars:
Yredelemnul


Message History

You hear some strange, mumbled words.
A magic dart appears from out of thin air!
The magic dart hits you! The orc hits you but does no damage.
You miss something.
You hear some strange, mumbled words.
A magic dart appears from out of thin air!
The magic dart hits you!
* * * LOW HITPOINT WARNING * * *
The orc hits you but does no damage. Something hits you but does no damage.
You barely miss something. The orc barely misses you.
Something hits you but does no damage.
You miss something. The orc hits you but does no damage.
You hear some strange, mumbled words.
A magic dart appears from out of thin air!
The magic dart hits you.
* * * LOW HITPOINT WARNING * * *
You hit something.
Reactivating autopickup.
You feel a bit more experienced. The orc barely misses you. The orc hits you.
You die...

#### #####..##
#.......#
#....<..#
###.....o@#
##.......).#
###.......####
#....###..#
#..### #..#
#### #..# #..#
# #..# .###
#..#


You could see an orc.

Vanquished Creatures
  An orc wizard (D:3)
  A worker ant (D:2)
  2 adders
  A worm (D:2)
  A dart slug (D:2)
  A leopard gecko (D:2)
  4 orcs
  6 bats
  2 giant cockroaches (D:1)
  A goblin (D:1)
  4 hobgoblins
  2 jackals (D:2)
  A quokka (D:2)
  3 frilled lizards (D:1)
  9 kobolds
  2 rats (D:1)
41 creatures vanquished.

Notes
Turn   | Place    | Note
-------+----------+-------------------------------------------
     0 | D:1      | Anonimiaus the Human Archaeologist began the quest for the
                  | Orb.
     0 | D:1      | Reached XP level 1. HP: 15/15 MP: 1/1
   143 | D:1      | Reached XP level 2. HP: 21/21 MP: 2/2
   158 | D:1      | Reached skill level 1 in Evocations
   286 | D:1      | Reached skill level 4 in Stealth
   846 | D:2      | Reached XP level 3. HP: 26/27 MP: 4/4
   904 | D:2      | Found a basalt altar of Yredelemnul.
  1502 | D:2      | Reached XP level 4. HP: 27/34 MP: 5/5
  1790 | D:2      | Reached skill level 1 in Shields
  2123 | D:3      | Slain by an orc

Skill      XL: |  1  2  3  4 |
---------------+-------------+-----
Evocations     | 1 2 |  2.0
Stealth        | 4 |  4.0
Fighting       | 2 3 |  3.1
Shields        | 1 |  1.4
Maces & Flails | |  1.1
Dodging        | |  3.2

Action                   |  1- 3 |  4- 6 || total
-------------------------+-------+-------++-------
Melee: Whip              |   128 |    78 ||   206
  Use: Scroll            |     1 |       ||     1
 Stab: Sleeping          |     3 |       ||     3
  Eat: Chunk             |     5 |     5 ||    10
Armor: Robe              |     7 |       ||     7
       Scale mail        |    64 |    66 ||   130
Dodge: Dodged            |    78 |    50 ||   128
Block: Buckler           |       |    13 ||    13
